Map: 시뮬레이크럼 - 래더

Players

RagnaroK (SHIN) - Winner!

  • Race: Zerg Zerg
  • Spawn Location: 5:00

Rail

  • Race: Protoss Protoss
  • Spawn Location: 11:00

Event: IEM Katowice 2020

VOD

Have the link to the VOD?

Description

Time

  • Played on: Feb. 25, 2020, 10:15 a.m.
  • Length: 9:15

All games in this series

Show
View Real Time Build Order
Export as new Build Order

RagnaroK Zerg - Winner!

Build Orders: Hatch First 

Get SALT Encoding   

  12  0:00  Drone  
  13  0:12  Overlord  
  13  0:16  Drone  
  14  0:31  Drone x2  
  16  0:48  Hatchery  
  15  0:51  Drone  
  15  0:54  Drone  
  17  0:58  Drone  
  18  1:08  Extractor  
  17  1:13  Spawning Pool  
  17  1:16  Drone  
  17  1:20  Drone  
  18  1:28  Drone  
  19  1:38  Drone  
  20  1:50  Drone  
  21  2:00  Queen x2  
  21  2:01  Zergling x4  
  27  2:11  Overlord  
  27  2:12  Drone  
  28  2:23  Hatchery  
  28  2:26  Drone  
  28  2:31  Metabolic Boost  
  28  2:34  Drone  
  29  2:41  Queen  
  31  2:44  Zergling x2  
  31  2:47  Zergling x2  
  33  2:54  Overlord  
  33  2:56  Drone x2  
  35  2:59  Drone  
  36  3:07  Overlord  
  36  3:14  Drone x4  
  36  3:15  Drone  
  41  3:23  Queen  
  41  3:26  Overlord  
  43  3:31  Evolution Chamber  
  42  3:34  Spore Crawler  
  42  3:35  Drone  
  42  3:37  Drone  
  42  3:38  Drone  
  44  3:42  Drone  
  44  3:45  Drone x2  
  44  3:46  Drone  
  48  3:51  Spore Crawler, Drone  
  48  3:53  Drone  
  49  3:57  Zerg Melee Weapons Level 1  
  49  4:00  Spore Crawler  
  48  4:03  Zergling x4  
  48  4:08  Queen  
  52  4:13  Drone x2  
  53  4:18  Drone x3  
  53  4:20  Overlord  
  53  4:23  Drone  
  57  4:29  Overlord  
  57  4:39  Drone, Overlord  
  57  4:40  Drone x6  
  57  4:44  Zergling x2  
  65  4:46  Lair  
  65  4:49  Zergling x6  
  68  4:54  Roach Warren  
  68  4:58  Extractor  
  68  4:59  Extractor  
  65  5:00  Drone  
  65  5:01  Drone x4  
  65  5:02  Drone  
  71  5:07  Overlord  
  71  5:15  Drone x5  
  76  5:21  Drone x5  
  76  5:24  Extractor  
  76  5:28  Hatchery  
  79  5:31  Drone x4  
  82  5:36  Drone x2, Baneling Nest  
  82  5:40  Extractor  
  82  5:42  Overlord  
  82  5:43  Drone  
  82  5:44  Drone x2  
  82  5:45  Overseer  
  82  5:48  Glial Reconstitution  
  85  5:52  Roach  
  85  5:53  Roach  
  85  5:54  Overlord x2  
  89  5:58  Zerg Melee Weapons Level 2  
  89  6:02  Zergling x4, Roach  
  93  6:08  Zergling x4, Roach  
  93  6:11  Overlord x2  
  97  6:13  Overlord  
  97  6:22  Drone x8  
  97  6:24  Centrifical Hooks  
  105  6:28  Overlord  
  105  6:31  Drone x2  
  107  6:33  Drone x3  
  107  6:35  Drone x2  
  107  6:38  Overlord  
  107  6:39  Roach  
  114  6:41  Roach  
  114  6:43  Ravager  
  114  6:44  Ravager x3  
  114  6:45  Roach  
  114  6:46  Roach  
  124  6:50  Extractor  
  124  6:52  Zergling x8, Roach  
  124  6:53  Zergling x2  
  130  6:59  Drone  
  131  7:01  Overlord  
  131  7:03  Roach x2  
  131  7:06  Pneumatized Carapace  
  131  7:08  Roach x4  
  143  7:12  Zergling x2, Roach, Overlord  
  143  7:13  Zergling x2  
  147  7:16  Ravager x2  
  147  7:21  Zergling x14  
  156  7:25  Hatchery  
  156  7:28  Zergling x4, Roach  
  156  7:29  Zergling x2  
  160  7:33  Baneling x12  
  160  7:39  Overseer  
  160  7:40  Overlord x2  
  160  7:41  Zergling x8, Roach  
  160  7:43  Baneling x2  
  165  7:45  Baneling x2  
  165  7:48  Zergling x4  
  167  7:52  Baneling x5  
  167  7:55  Overlord x2  
  167  7:59  Zergling x12, Roach  
  167  8:00  Zergling x2, Infestation Pit  
  167  8:04  Zergling x12  
  181  8:08  Roach  
  181  8:11  Zergling x4, Roach  
  181  8:13  Zergling x4, Roach  
  181  8:14  Zergling x4  
  181  8:19  Zergling x6, Roach  
  193  8:20  Ravager  
  193  8:21  Baneling x8  
  193  8:22  Baneling  
  193  8:26  Zergling x4, Roach  
  194  8:30  Baneling x5  
  194  8:32  Zergling x8, Roach  
  191  8:42  Zergling x18, Roach  
  191  8:46  Zergling x2  
  190  8:48  Zergling x4, Roach  
  190  8:50  Extractor  
  190  8:51  Zergling x2  
  190  8:52  Spire  
  190  8:55  Zergling x6  
  175  9:01  Drone  
Show
View Real Time Build Order
Export as new Build Order

Rail Protoss 

Build Orders: 1 Gate Expand, Oracle Opening, Phoenix Opening, Zealot Archon 

Get SALT Encoding   

  12  0:01  Probe  
  13  0:13  Probe  
  14  0:19  Pylon  
  14  0:25  Probe (Chrono Boost)  
  15  0:37  Probe (Chrono Boost)  
  15  0:39  Gateway  
  16  0:46  Probe (Chrono Boost)  
  16  0:47  Assimilator  
  17  0:51  Probe  
  18  1:03  Probe  
  19  1:15  Probe  
  20  1:26  Nexus  
  20  1:36  Cybernetics Core  
  20  1:38  Probe  
  21  1:43  Assimilator  
  21  1:51  Pylon  
  21  1:53  Probe  
  22  2:05  Probe  
  23  2:09  Adept (Chrono Boost)  
  25  2:16  Stargate  
  25  2:18  Probe  
  26  2:23  Warp Gate  
  26  2:30  Probe, Adept (Chrono Boost)  
  29  2:39  Probe  
  29  2:43  Probe  
  31  2:51  Probe  
  31  2:52  Adept  
  31  2:55  Probe  
  31  2:58  Phoenix (Chrono Boost)  
  35  3:04  Probe  
  38  3:10  Gateway  
  38  3:11  Probe  
  39  3:18  Pylon  
  39  3:19  Probe  
  40  3:24  Oracle  
  40  3:26  Probe (Chrono Boost)  
  45  3:34  Probe (Chrono Boost)  
  45  3:38  Probe (Chrono Boost)  
  45  3:40  Robotics Facility  
  46  3:45  Probe (Chrono Boost)  
  46  3:47  Assimilator  
  47  3:49  Pylon  
  47  3:51  Probe (Chrono Boost)  
  47  3:53  Probe (Chrono Boost)  
  49  3:57  Probe x2 (Chrono Boost)  
  51  4:09  Probe x2  
  53  4:10  Adept  
  53  4:14  Adept  
  57  4:17  Pylon  
  57  4:22  Nexus  
  57  4:28  Observer  
  58  4:35  Probe x2  
  60  4:38  Pylon  
  60  4:46  Assimilator  
  60  4:48  Twilight Council  
  60  4:49  Immortal (Chrono Boost)  
  60  4:51  Forge  
  64  4:53  Sentry  
  64  4:55  Probe x2  
  64  4:58  Pylon  
  68  5:03  Sentry  
  70  5:07  Probe  
  70  5:09  Probe  
  72  5:18  Shield Battery  
  72  5:19  Probe  
  73  5:22  Probe  
  73  5:25  Immortal (Chrono Boost)  
  78  5:29  Gateway  
  78  5:30  Protoss Ground Weapons Level 1 (Chrono Boost)  
  78  5:32  Probe (Chrono Boost)  
  78  5:34  Charge  
  79  5:36  Probe x2 (Chrono Boost)  
  82  5:43  Probe (Chrono Boost), Gateway  
  82  5:45  Probe (Chrono Boost)  
  82  5:47  Probe (Chrono Boost)  
  82  5:48  Probe (Chrono Boost)  
  85  5:51  Probe (Chrono Boost), Gateway  
  85  5:55  Pylon  
  87  5:59  Probe (Chrono Boost)  
  87  6:01  Templar Archives  
  87  6:03  Assimilator  
  88  6:06  Probe (Chrono Boost)  
  88  6:07  Probe (Chrono Boost)  
  88  6:10  Assimilator  
  90  6:12  Probe (Chrono Boost)  
  90  6:15  Probe x2 (Chrono Boost)  
  90  6:18  Pylon  
  92  6:20  Gateway  
  92  6:21  Gateway  
  92  6:22  Probe  
  93  6:27  Warp Prism  
  93  6:29  Probe  
  93  6:30  Probe  
  97  6:35  Gateway  
  97  6:36  Gateway  
  97  6:38  Pylon  
  97  6:40  High Templar x2  
  97  6:44  Photon Cannon  
  97  6:45  High Templar x2  
  97  6:46  Archon  
  105  6:53  Archon, Zealot  
  107  6:55  Pylon  
  107  6:57  Pylon  
  107  6:58  Pylon  
  107  7:10  Gateway  
  107  7:12  Pylon, Nexus  
  107  7:14  Pylon  
  107  7:16  High Templar x2  
  107  7:18  Photon Cannon  
  107  7:20  High Templar x2  
  115  7:24  Pylon  
  115  7:26  Archon  
  115  7:27  Zealot x2  
  115  7:28  Archon  
  115  7:29  Zealot  
  121  7:36  Zealot x2  
  125  7:38  Probe x2  
  127  7:50  Zealot x2  
  127  7:51  Zealot x2  
  135  7:54  High Templar x2, Zealot  
  135  7:58  High Templar x2  
  143  7:59  Archon  
  143  8:03  Pylon  
  145  8:08  Archon  
  145  8:11  Zealot x3  
  145  8:12  Zealot  
  151  8:13  Immortal  
  155  8:21  Zealot x2  
  155  8:24  Pylon  
  159  8:30  Zealot x4  
  167  8:37  High Templar x2  
  137  8:52  Zealot x3  
  137  8:53  Zealot x2  
  109  8:57  Zealot x3  
  109  9:00  Archon  

Tags
 
Add a new tag
Caveats
  • Supply blocks, unpowered buildings, or Contaminate may cause inaccurate times.
  • Supply counts are checked every 10 seconds.